cohdb
Replays
Latest Replays
All Replays
Popular Replays
Top Player Replays
Match Explorer
How It Works
Community
CoH3 Stats
Reddit
Sign in to upload your games and track your stats! →
Sign in with Steam
Match 42101487
Unlisted
Match 42101487
Overview
Messages
Build Orders
End
Selects Italian Infantry
Panzergrenadier Squad
Panzergrenadier Squad
Construct Light Support Kompanie
2.5-tonne Medical Truck
Construct Mechanized Kompanie
Selects Guastatori Squad
Assault Mechanized Group
Marder III Tank Destroyer
Guastatori Squad
2.5-tonne Medical Truck
Construct Panzerarmee Kommand
Armored Reserves
Selects Defensive Operations
Selects Prepared Positions
Tiger Heavy Tank
Tungsten Core Ammunition
Emergency Repair Kits
Selects Obice 305mm Barrage
Panzer IV Assault Group
Vehicle Survival Package
Selects Registered Artillery
Selects Towed Cannone da 105/28 Field Howitzer
Rapid Advance
Tiger Heavy Tank
titimu7
xabongo[FR]
Ivii18
clevans32885
Sostradayu
ßoo
Ice J
War Pig
0
0
Comments
sign in to comment!
No comments posted yet!